[Event "2nd Turkish League 2017"]
[Site "Konya"]
[Date "2017.07.21"]
[Round "7"]
[White "Yagiz, Yasin Emrah"]
[Black "Lomsadze, Davit"]
[Result "1-0"]
[ECO "E63"]
[WhiteElo "2172"]
[BlackElo "2335"]
[Annotator "NA"]
[PlyCount "95"]
[EventType "team-tourn"]
[EventCountry "TUR"]
[SourceTitle "playchess.com"]
[Source "ChessBase"]
[SourceQuality "1"]
[TimeControl "5400+30"]

1. Nf3 Nf6 2. c4 g6 3. g3 Bg7 4. Bg2 O-O 5. O-O d6 6. d4 a6 7. Nc3 Nc6 8. Re1 Rb8 9. Rb1 Bf5 10. e4 {[%emt 0:00:30] E63: King's Indian: Fianchetto: Panno Variation with 7...a6} Bg4 11. Be3 Nd7 (11... Qc8 12. Rc1 Re8 13. Qd3 Bxf3 14. Bxf3 Ng4 15. Bxg4 Qxg4 16. Kg2 Qd7 17. a3 e6 {½-½ (25) Erdos,V (2614)-Iljiushenok,I (2489) Minsk 2017}) 12. h3 Bxf3 $1 13. Bxf3 e5 14. dxe5 dxe5 15. b4 Nd4 16. c5 $146 ({Predecessor:} 16. Bg2 Nb6 17. Bf1 Qf6 18. Bxd4 exd4 {1-0 (28) Janjos,S (2154)-Rasic,G (2214) Serbia 2011}) 16... a5 17. a3 c6 18. Bg2 axb4 19. axb4 Qe7 20. Ne2 $11 Nb5 21. Ra1 Rfd8 22. Qc1 Nf8 23. Bg5 Bf6 24. Be3 Ne6 25. h4 Ned4 26. Qc4 Rd7 27. Nxd4 Nxd4 28. Ra2 Bg7 29. Rea1 Qf8 30. Bh3 Rdd8 31. Kg2 h6 32. Rf1 b5 33. Qc3 f5 34. Bxd4 Rxd4 35. Qb3+ Rc4 36. exf5 gxf5 37. Rd1 Kh8 38. Rd7 Rd8 39. Bxf5 e4 40. Qd1 Rxd7 41. Qxd7 Rxb4 42. Qe6 Ra4 43. Rd2 e3 44. fxe3 Qf6 45. Qc8+ Bf8 46. Rf2 Qe7 47. Bc2 Kg7 48. Qf5 1-0

[Event "2nd Turkish League 2017"]
[Site "Konya"]
[Date "2017.07.21"]
[Round "7"]
[White "Kerem, Halil Ozgun"]
[Black "Bicer, Atakan Mert"]
[Result "1-0"]
[ECO "A07"]
[WhiteElo "2074"]
[BlackElo "1863"]
[Annotator "NA"]
[PlyCount "89"]
[EventType "team-tourn"]
[EventCountry "TUR"]
[SourceTitle "playchess.com"]
[Source "ChessBase"]
[SourceQuality "1"]
[TimeControl "5400+30"]

1. Nf3 d5 2. g3 Bf5 3. c4 dxc4 4. Na3 c6 5. Nxc4 e6 6. Bg2 Nd7 7. O-O Ngf6 8. d3 Be7 9. b4 O-O 10. a3 Nb6 11. Na5 Rb8 12. Bb2 Ne8 13. Qb3 Nc7 14. Nd4 Bf6 15. Nxf5 exf5 16. Bxf6 Qxf6 17. e3 Rfd8 18. d4 g5 19. Qd3 f4 20. Qe4 Ncd5 21. Qf3 Qh6 22. e4 Nf6 23. Rad1 Re8 24. Rfe1 fxg3 25. hxg3 Qg6 26. Nb3 h5 27. Nc5 h4 28. g4 Kg7 29. Qf5 Qxf5 30. gxf5 g4 31. e5 Ng8 32. b5 Nd5 33. a4 Rec8 34. Nxb7 Nc3 35. bxc6 Nxd1 36. f6+ Kg6 37. Rxd1 Kg5 38. d5 Kf4 39. d6 h3 40. Bh1 Kxe5 41. d7 Rc7 42. Re1+ Kf4 43. Re8 Rbxb7 44. cxb7 Nxf6 45. b8=Q 1-0

[Event "2nd Turkish League 2017"]
[Site "Konya"]
[Date "2017.07.21"]
[Round "7"]
[White "Bayrak, Asli"]
[Black "Abdulla, Khayala"]
[Result "0-1"]
[ECO "C48"]
[WhiteElo "2056"]
[BlackElo "2262"]
[Annotator "NA"]
[PlyCount "96"]
[EventType "team-tourn"]
[EventCountry "TUR"]
[SourceTitle "playchess.com"]
[Source "ChessBase"]
[SourceQuality "1"]
[TimeControl "5400+30"]

1. e4 Nf6 2. Nc3 e5 3. Nf3 Nc6 4. Bb5 Bc5 5. O-O d6 {[%emt 0:01:30] LiveBook: 46 Games} 6. d4 exd4 7. Nxd4 Bd7 8. Nb3 Bb6 9. Na4 O-O $11 10. Nxb6 axb6 11. f3 h6 12. Bxc6 bxc6 13. Be3 Re8 14. Qd2 d5 15. Bd4 Nh7 16. exd5 cxd5 17. Bc3 Bb5 18. Rfd1 Bc4 19. Nc1 c6 20. b3 Ba6 21. Qd4 f6 22. a4 Bb7 23. b4 Ng5 24. Qf2 Ba6 25. Bd4 Rb8 26. a5 bxa5 27. Rxa5 Bc4 28. c3 Qd7 29. Ra7 Qf5 30. h4 Nf7 31. Be3 Qe5 32. Bd4 Qf4 33. Re1 Nd6 34. Be3 Qe5 35. Bd2 Qh5 36. Bf4 Rxe1+ 37. Qxe1 Re8 38. Qf2 Nb5 39. Rb7 Qg6 40. Bd2 Kh8 41. h5 Qxh5 42. Qg3 Rg8 43. Re7 Kh7 44. Qf4 Qg5 45. Qxg5 hxg5 46. Kf2 Ra8 47. Re6 Ra6 48. Ke3 d4+ 0-1

[Event "2nd Turkish League 2017"]
[Site "Konya"]
[Date "2017.07.21"]
[Round "7"]
[White "Yasin, Hur"]
[Black "Celikel, Fatih"]
[Result "0-1"]
[ECO "C02"]
[WhiteElo "2022"]
[BlackElo "1720"]
[Annotator "NA"]
[PlyCount "90"]
[EventType "team-tourn"]
[EventCountry "TUR"]
[SourceTitle "playchess.com"]
[Source "ChessBase"]
[SourceQuality "1"]
[TimeControl "5400+30"]

1. e4 e6 2. d4 d5 3. e5 c5 4. c3 Qb6 5. Nf3 Bd7 6. a3 a5 7. b3 $11 {[%emt 0:00:00] LiveBook: 31 Games} cxd4 8. cxd4 Bb5 9. Bxb5+ Qxb5 10. Nc3 Qa6 11. Ne2 Nd7 12. O-O Ne7 13. Ne1 a4 14. b4 h5 15. Nd3 Nf5 16. Nc5 Qc6 17. b5 Qxb5 18. Nxd7 Qxd7 19. Rb1 Rc8 20. Qd2 Be7 21. Qb2 Rc7 22. Bd2 O-O 23. Rfc1 Rfc8 24. Rc3 b5 25. Rxc7 Rxc7 26. f3 Rc4 27. g4 hxg4 28. fxg4 Nh4 29. Kf2 Qc6 30. Bc3 Ng6 31. Ke3 Qa6 32. Be1 Bg5+ 33. Kf3 Be7 34. Ke3 b4 35. Bxb4 Bxb4 36. axb4 Qa7 37. Kd3 a3 38. Qa1 a2 39. Rb3 Qa4 40. Rb2 Qa3+ 41. Kd2 Nf4 42. Rxa2 Qd3+ 43. Ke1 Qe3 44. Qb1 g6 45. Kf1 Qf3+ 0-1

[Event "2nd Turkish League 2017"]
[Site "Konya"]
[Date "2017.07.21"]
[Round "7"]
[White "Alaz, Ahmet Efekan"]
[Black "Ilhan, Huseyin"]
[Result "1-0"]
[ECO "A48"]
[WhiteElo "2015"]
[BlackElo "1750"]
[Annotator "NA"]
[PlyCount "115"]
[EventType "team-tourn"]
[EventCountry "TUR"]
[SourceTitle "playchess.com"]
[Source "ChessBase"]
[SourceQuality "1"]
[TimeControl "5400+30"]

1. d4 Nf6 2. Nf3 g6 3. Bf4 Bg7 4. e3 d6 5. h3 O-O 6. Be2 Nbd7 7. O-O Re8 8. c3 {[%emt 0:02:00] LiveBook: 6 Games} c6 9. Nbd2 e5 10. Bh2 $11 Qe7 11. Nc4 e4 12. Nfd2 d5 13. Nd6 Rd8 14. c4 c5 15. Qb3 cxd4 16. exd4 Ne8 17. Nxb7 Bxb7 18. Qxb7 Bxd4 19. cxd5 e3 20. Nf3 exf2+ 21. Kh1 Bb6 22. Bb5 Nd6 23. Qc6 Nf6 24. Ba6 Nfe4 25. g4 Rab8 26. Kg2 Nc5 27. Rxf2 Nxa6 28. Re1 Qd7 29. Qxd7 Rxd7 30. Rfe2 Rc8 31. Ne5 Rdd8 32. Nc6 Rxc6 33. dxc6 Nc4 34. Re8+ Rxe8 35. Rxe8+ Kg7 36. b3 Ne3+ 37. Kf3 Nd5 38. g5 f5 39. Be5+ Kf7 40. Rh8 Ke6 41. Bg3 Ne7 42. Rxh7 Nxc6 43. Rg7 Ne7 44. Be5 Bc5 45. Bf6 Nb4 46. Bxe7 Bxe7 47. Rxg6+ Kf7 48. Rh6 Bxg5 49. Rh7+ Ke6 50. Rxa7 Nc6 51. Rb7 Nd4+ 52. Kf2 Bh4+ 53. Ke3 Ke5 54. a4 f4+ 55. Kd3 f3 56. Rf7 Nf5 57. a5 f2 58. Ke2 1-0

[Event "2nd Turkish League 2017"]
[Site "Konya"]
[Date "2017.07.21"]
[Round "7"]
[White "Okay, Ilkin Ege"]
[Black "Eke, Salih"]
[Result "1-0"]
[ECO "B33"]
[WhiteElo "1973"]
[BlackElo "1669"]
[Annotator "NA"]
[PlyCount "97"]
[EventType "team-tourn"]
[EventCountry "TUR"]
[SourceTitle "playchess.com"]
[Source "ChessBase"]
[SourceQuality "1"]
[TimeControl "5400+30"]

1. e4 c5 2. Nf3 Nc6 3. d4 cxd4 4. Nxd4 Nf6 5. Nc3 e5 6. Ndb5 d6 7. Bg5 a6 8. Na3 b5 9. Nd5 Be7 10. Bxf6 Bxf6 11. c4 b4 12. Nc2 a5 13. g3 Bg5 14. h4 $11 {[%emt 0:08:30] LiveBook: 28 Games} Bh6 15. Qf3 O-O 16. g4 f6 17. Rg1 Be6 18. Rd1 a4 19. Ndxb4 Nxb4 20. Nxb4 Qb6 21. Qc3 Rab8 22. a3 Rfc8 23. g5 fxg5 24. hxg5 Bxg5 25. Rxg5 Rf8 26. Rd2 Rf4 27. Qc2 Rbf8 28. Rg3 h5 29. Bh3 Bf7 30. Nd5 Bxd5 31. cxd5 h4 32. Be6+ Kh7 33. Rg4 Rxg4 34. Bxg4 Rf4 35. Bh3 g5 36. Bf5+ Kh6 37. Qc8 Kg7 38. Qe6 Qc5 39. Qe7+ Kg8 40. Be6+ Kh8 41. Qe8+ Kg7 42. Qg8+ Kh6 43. Bf5 Rxf5 44. exf5 Kh5 45. Qh7+ Kg4 46. f6 Qc1+ 47. Rd1 Qf4 48. Qd7+ Kf3 49. Qh3+ 1-0

[Event "2nd Turkish League 2017"]
[Site "Konya"]
[Date "2017.07.21"]
[Round "7"]
[White "Celik, Berkay"]
[Black "Ozgur, Isa"]
[Result "1-0"]
[ECO "B27"]
[WhiteElo "1963"]
[BlackElo "1904"]
[Annotator "NA"]
[PlyCount "87"]
[EventType "team-tourn"]
[EventCountry "TUR"]
[SourceTitle "playchess.com"]
[Source "ChessBase"]
[SourceQuality "1"]
[TimeControl "5400+30"]

1. e4 c5 2. Nf3 g6 3. d4 cxd4 4. Qxd4 Nf6 5. e5 Nc6 6. Qf4 Nd5 7. Qe4 Nb6 8. Bg5 $15 Bg7 9. Nc3 h6 10. Bh4 d5 11. exd6 Bxc3+ 12. bxc3 Qxd6 13. Bb5 Bf5 14. Qe2 O-O 15. O-O Nd5 16. Qd2 g5 17. Bg3 Qc5 18. c4 Ndb4 19. c3 Nc2 20. Rad1 Rad8 21. Qc1 f6 22. Ba4 Na3 23. Nd4 Nxc4 24. Nxf5 Qxf5 25. Bc2 Qc5 26. Qb1 f5 27. Bc7 Nd2 28. Qxb7 Rd7 29. Bb3+ Kh7 30. Ba4 Na5 31. Qb5 Qxb5 32. Bxb5 Rxc7 33. Rxd2 Rc5 34. a4 Kg6 35. Rd7 e5 36. Rxa7 Nb3 37. Rd1 Rxc3 38. Rd6+ Kh5 39. h3 Rh8 40. Raa6 Rcc8 41. Be2+ g4 42. Rg6 Nd2 43. hxg4+ Kh4 44. Kh2 1-0

[Event "2nd Turkish League 2017"]
[Site "Konya"]
[Date "2017.07.21"]
[Round "7"]
[White "Demirag, Batuhan"]
[Black "Ataman, Alper Efe"]
[Result "1/2-1/2"]
[ECO "A11"]
[WhiteElo "1914"]
[BlackElo "2175"]
[Annotator "NA"]
[PlyCount "67"]
[EventType "team-tourn"]
[EventCountry "TUR"]
[SourceTitle "playchess.com"]
[Source "ChessBase"]
[SourceQuality "1"]
[TimeControl "5400+30"]

1. Nf3 Nf6 2. c4 g6 3. b3 Bg7 4. Bb2 O-O 5. g3 c6 6. Bg2 d5 7. O-O Nbd7 8. e3 Re8 9. d4 Ne4 {[%emt 0:01:30] LiveBook: 4 Games} 10. Qe2 a5 11. Nc3 Nxc3 12. Bxc3 $11 e6 13. Rfd1 b6 14. Rac1 Ba6 15. Bb2 Qb8 16. Qc2 Rc8 17. e4 Bb7 18. Qe2 Nf6 19. e5 Ne8 20. h4 a4 21. Rc2 axb3 22. axb3 c5 23. h5 Rd8 24. hxg6 hxg6 25. Qe3 dxc4 26. bxc4 Nc7 27. Qf4 Bxf3 28. Bxf3 Ra4 29. Qc1 cxd4 30. Bxd4 b5 31. Kg2 Rxc4 32. Rxc4 bxc4 33. Qxc4 Nd5 34. Qe2 1/2-1/2

[Event "2nd Turkish League 2017"]
[Site "Konya"]
[Date "2017.07.21"]
[Round "7"]
[White "Ugur, Can Atakan"]
[Black "Turkmen, Huseyin Nafizhan"]
[Result "1-0"]
[ECO "A48"]
[WhiteElo "1889"]
[BlackElo "1817"]
[Annotator "NA"]
[PlyCount "133"]
[EventType "team-tourn"]
[EventCountry "TUR"]
[SourceTitle "playchess.com"]
[Source "ChessBase"]
[SourceQuality "1"]
[TimeControl "5400+30"]

1. e3 Nf6 2. b3 g6 3. Bb2 Bg7 4. Nf3 d6 5. d4 O-O 6. Bd3 $11 {[%emt 0:03:30] LiveBook: 6 Games} a6 7. c4 Nbd7 8. O-O Re8 9. Qc2 e5 10. Nbd2 Qe7 11. dxe5 dxe5 12. e4 Nh5 13. Rfe1 g5 14. g3 Nf8 15. Nf1 Ng6 16. Ne3 g4 17. Nd2 Qg5 18. Nd5 Qd8 19. c5 Be6 20. Nf1 Nf6 21. Nfe3 Bxd5 22. Nxd5 h5 23. Rad1 Nh7 24. Bc1 Rc8 25. Bc4 Ng5 26. Bxg5 Qxg5 27. Qd2 Qxd2 28. Rxd2 Nf8 29. Ne3 Bh6 30. Red1 Bxe3 31. fxe3 Nh7 32. Rd7 Ng5 33. Rf1 Rf8 34. Rf5 Nf3+ 35. Kg2 Rcd8 36. Rfxf7 Ne1+ 37. Kg1 Rxd7 38. Rxd7+ Kh8 39. Rxc7 Nf3+ 40. Kh1 Ng5 41. Kg2 Nxe4 42. Rf7 Rd8 43. Rxb7 Nxc5 44. Re7 Rd2+ 45. Kg1 e4 46. Re5 Nd3 47. Rxe4 Nf2 48. Re8+ Kg7 49. Re7+ Kg6 50. Bf1 Kf6 51. Ra7 Nd1 52. Rxa6+ Ke5 53. Ra5+ Ke4 54. Bg2+ Kxe3 55. Re5+ Kd4 56. Rd5+ Kc3 57. Rxd2 Kxd2 58. Bc6 Kc3 59. Be8 Kb2 60. Bxh5 Kxa2 61. Bxg4 Nc3 62. Be6 Ka3 63. h4 Ne4 64. Kg2 Kb4 65. h5 Nf6 66. h6 Kc5 67. Bf5 1-0

[Event "2nd Turkish League 2017"]
[Site "Konya"]
[Date "2017.07.21"]
[Round "7"]
[White "Acar, Utku Cengiz"]
[Black "Yakar, Ozan Tuna"]
[Result "1-0"]
[ECO "B95"]
[WhiteElo "1863"]
[BlackElo "1718"]
[Annotator "NA"]
[PlyCount "115"]
[EventType "team-tourn"]
[EventCountry "TUR"]
[SourceTitle "playchess.com"]
[Source "ChessBase"]
[SourceQuality "1"]
[TimeControl "5400+30"]

1. e4 c5 2. Nf3 d6 3. d4 cxd4 4. Nxd4 Nf6 5. Nc3 a6 6. Bg5 e6 7. Qe2 Nc6 8. O-O-O $14 {[%emt 0:16:30] LiveBook: 3 Games} Nxd4 9. Rxd4 Qb6 10. Be3 Qa5 11. g4 b5 12. g5 b4 13. Nb1 e5 14. Rc4 d5 15. Rxc8+ Rxc8 16. gxf6 d4 17. Qxa6 Rc5 18. fxg7 Bxg7 19. Bd2 Qxa6 20. Bxa6 Ra5 21. Bc4 Bf8 22. Kd1 Rg8 23. Ke2 Ra8 24. Be1 Rg4 25. Nd2 Bh6 26. Bd5 Rb8 27. Nc4 f6 28. h3 Rg2 29. Kf3 Rg6 30. Bd2 Bf8 31. a3 Rg7 32. axb4 Bxb4 33. Bxb4 Rxb4 34. Ra1 Rd7 35. b3 Kf8 36. Ra8+ Kg7 37. Kg4 Kg6 38. Rg8+ Rg7 39. Rxg7+ Kxg7 40. Nb2 Kg6 41. Nd3 Rb8 42. b4 h6 43. h4 h5+ 44. Kf3 Rb6 45. Ke2 Rb8 46. Bc6 Kf7 47. b5 Ke7 48. Nb4 Kd6 49. Nd5 Rf8 50. Bb7 f5 51. f3 fxe4 52. fxe4 Rg8 53. b6 Rg4 54. Bc8 Rxe4+ 55. Kd2 Rxh4 56. b7 Rh2+ 57. Kc1 Rh1+ 58. Kb2 1-0

[Event "2nd Turkish League 2017"]
[Site "Konya"]
[Date "2017.07.21"]
[Round "7"]
[White "Lale, Omer Faruk"]
[Black "Duman, Aydin"]
[Result "1/2-1/2"]
[ECO "A53"]
[WhiteElo "1852"]
[BlackElo "2056"]
[Annotator "NA"]
[PlyCount "129"]
[EventType "team-tourn"]
[EventCountry "TUR"]
[SourceTitle "playchess.com"]
[Source "ChessBase"]
[SourceQuality "1"]
[TimeControl "5400+30"]

1. d4 Nf6 2. c4 d6 3. Nc3 e5 4. dxe5 dxe5 5. Qxd8+ Kxd8 6. Bg5 Be6 7. O-O-O+ $11 {[%emt 0:01:30] LiveBook: 13 Games} Nbd7 8. Nf3 Kc8 9. e3 Ng4 10. Bh4 f6 11. h3 Nh6 12. g4 Nf7 13. Nd2 c6 14. f4 Nd6 15. Be2 Kc7 16. Bg3 exf4 17. exf4 f5 18. Nb3 Nf6 19. Nc5 Re8 20. g5 Nd7 21. Nxd7 Bxd7 22. Bf2 Ne4 23. Nxe4 fxe4 24. Bxa7 c5 25. Bb6+ Kc6 26. Ba5 Bd6 27. Rxd6+ Kxd6 28. Bc3 Rhf8 29. Rd1+ Kc6 30. Be5 Rxe5 31. fxe5 Bxh3 32. Rh1 Bf5 33. Kd2 Bg6 34. Bh5 Re8 35. Bxg6 hxg6 36. Ke3 Rxe5 37. Rg1 Kd6 38. a3 Ke6 39. b4 b6 40. b5 Kf5 41. Rd1 Ke6 42. Rd8 Rxg5 43. Rb8 Ke5 44. Re8+ Kf5 45. Rf8+ Ke5 46. Re8+ Kd6 47. Rb8 Ke5 48. Re8+ Kd6 49. Rb8 Kc7 50. Rg8 Rg3+ 51. Kxe4 Rg4+ 52. Ke5 Rxc4 53. Rxg7+ Kc8 54. Rxg6 Kc7 55. Rg7+ Kc8 56. Kd6 Rh4 57. Rg8+ Kb7 58. Rg7+ Kc8 59. Kc6 Rh6+ 60. Kd5 Rh5+ 61. Kd6 Rh6+ 62. Kd5 Rh5+ 63. Kc6 Rh6+ 64. Kd5 Rh5+ 65. Ke4 1/2-1/2

[Event "2nd Turkish League 2017"]
[Site "Konya"]
[Date "2017.07.21"]
[Round "7"]
[White "Kutlu, Sedat"]
[Black "Bayraktar, Armagan"]
[Result "0-1"]
[ECO "B77"]
[WhiteElo "1824"]
[BlackElo "1889"]
[Annotator "NA"]
[PlyCount "102"]
[EventType "team-tourn"]
[EventCountry "TUR"]
[SourceTitle "playchess.com"]
[Source "ChessBase"]
[SourceQuality "1"]
[TimeControl "5400+30"]

1. e4 c5 2. Nf3 d6 3. d4 cxd4 4. Nxd4 g6 5. Nc3 Bg7 6. Be3 Nf6 7. f3 O-O 8. Qd2 Nc6 {[%emt 0:00:30] LiveBook: 7769 Games} 9. Bc4 $11 Na5 10. Be2 Bd7 11. Nb3 a6 12. Bh6 Rc8 13. Bxg7 Kxg7 14. Qd4 Nc6 15. Qd2 b5 16. Nd5 Nxd5 17. Qxd5 Be6 18. Qd2 Qb6 19. f4 a5 20. Bd3 a4 21. Nc1 f6 22. Ne2 b4 23. f5 Bf7 24. h4 Ne5 25. Rf1 Rfd8 26. Rf4 g5 27. hxg5 fxg5 28. Rf1 h6 29. Ng3 Kf6 30. Rh1 Rh8 31. b3 a3 32. Ke2 h5 33. Rh3 h4 34. Rah1 Rhg8 35. Rxh4 Nxd3 36. Rh6+ Ke5 37. Qxd3 Rc3 38. Qd2 Rxg3 39. Kd1 Qd4 40. Qxd4+ Kxd4 41. Rh7 Rf8 42. Rg7 Rxg2 43. Rhh7 Ke3 44. Rh1 Bh5+ 45. Kc1 Rc8 46. c4 Bf3 47. Rxe7 Rxa2 48. Re1+ Be2 49. f6 Ra1+ 50. Kc2 Rxe1 51. f7 Bd3# 0-1

[Event "2nd Turkish League 2017"]
[Site "Konya"]
[Date "2017.07.21"]
[Round "7"]
[White "Yuksel, Davut Can"]
[Black "Buker, Muhittin"]
[Result "1/2-1/2"]
[ECO "E61"]
[WhiteElo "1773"]
[BlackElo "2006"]
[Annotator "NA"]
[PlyCount "155"]
[EventType "team-tourn"]
[EventCountry "TUR"]
[SourceTitle "playchess.com"]
[Source "ChessBase"]
[SourceQuality "1"]
[TimeControl "5400+30"]

1. d4 Nf6 2. c4 g6 3. Nf3 Bg7 4. Nc3 O-O 5. Bf4 d6 6. e3 Nbd7 7. h3 Re8 8. Be2 c6 9. O-O a6 10. a4 a5 11. Bh2 Qb6 $16 12. Qc2 e5 13. Rfd1 Qc7 14. c5 Bf8 15. Rac1 b6 16. cxd6 Bxd6 17. dxe5 Nxe5 18. Rxd6 Qxd6 19. Nxe5 Rxe5 20. Rd1 Qe7 21. Bxe5 Qxe5 22. Rd8+ Kg7 23. Qd2 Rb8 24. Qd6 Qxd6 25. Rxd6 Bd7 26. Bf3 Rc8 27. e4 Rc7 28. e5 Ne8 29. Rd1 Kf8 30. Ne4 Ke7 31. Kf1 Bf5 32. Nd6 Bc2 33. Nxe8 Kxe8 34. Rd4 Bb3 35. Bd1 Rd7 36. Rxd7 Bc4+ 37. Rd3 Bxd3+ 38. Ke1 Ke7 39. Kd2 Be4 40. g3 Bg2 41. h4 Bd5 42. Ke3 Ke6 43. f4 h5 44. Bc2 Ke7 45. Kd4 Be6 46. Be4 Kd7 47. Kc3 Kc7 48. Bd3 Kd7 49. Be2 Ke7 50. Bd3 Bd7 51. Bc2 Be8 52. Kd4 Ke6 53. Ke4 Ke7 54. f5 f6 55. e6 b5 56. Kf4 gxf5 57. Kxf5 c5 58. axb5 Bxb5 59. Bd1 Bd3+ 60. Kf4 Bg6 61. Bb3 Bd3 62. Bd1 Bg6 63. Bb3 Bd3 64. Bd1 Bg6 65. g4 hxg4 66. Bxg4 c4 67. h5 Bh7 68. Bf5 Bg8 69. h6 a4 70. h7 Bxh7 71. Bxh7 Kxe6 72. Bg8+ Kd6 73. Bxc4 Kc5 74. Ba2 Kb4 75. Ke3 a3 76. b3 Kc3 77. Ke2 f5 78. b4 1/2-1/2

[Event "2nd Turkish League 2017"]
[Site "Konya"]
[Date "2017.07.21"]
[Round "7"]
[White "Ceylan, Sezer"]
[Black "Ibik, Halit Yavuz"]
[Result "0-1"]
[ECO "B96"]
[WhiteElo "1714"]
[BlackElo "2004"]
[Annotator "NA"]
[PlyCount "60"]
[EventType "team-tourn"]
[EventCountry "TUR"]
[SourceTitle "playchess.com"]
[Source "ChessBase"]
[SourceQuality "1"]
[TimeControl "5400+30"]

1. e4 c5 2. Nf3 d6 3. d4 cxd4 4. Nxd4 Nf6 5. Nc3 a6 6. Bg5 Nbd7 7. f4 e6 8. Qf3 Qc7 9. g4 b5 10. Bxf6 Nxf6 11. g5 Nd7 12. O-O-O Bb7 13. Bh3 b4 14. Nce2 Nc5 15. Ng3 $17 ({White should try} 15. Rhf1 $15) 15... d5 16. f5 dxe4 17. Qe3 Bd6 18. Rhf1 exf5 19. Ndxf5 Be5 20. Nh5 O-O 21. Nfxg7 Nd3+ 22. Rxd3 exd3 23. Qxd3 Bxg7 24. Nf6+ Bxf6 25. gxf6 Qe5 26. Bf5 Rfe8 27. Qd1 Kh8 28. Bd3 Rad8 29. Qg4 Qe3+ 30. Kd1 Rxd3+ 0-1

[Event "2nd Turkish League 2017"]
[Site "Konya"]
[Date "2017.07.21"]
[Round "7"]
[White "Kabuk, Erdem"]
[Black "Caglar, Sadullah B."]
[Result "1-0"]
[ECO "C06"]
[WhiteElo "1710"]
[BlackElo "1835"]
[Annotator "NA"]
[PlyCount "61"]
[EventType "team-tourn"]
[EventCountry "TUR"]
[SourceTitle "playchess.com"]
[Source "ChessBase"]
[SourceQuality "1"]
[TimeControl "5400+30"]

1. e4 e6 2. d4 d5 3. Nd2 Nf6 4. Bd3 c5 5. e5 Nfd7 6. c3 Nc6 7. Ne2 g6 8. Nf3 Bg7 9. h4 h5 10. Nf4 Nf8 11. Rh3 c4 12. Bc2 Bd7 13. Ng5 Qe7 14. Rf3 Nd8 15. b3 Bb5 16. a4 cxb3 17. Bxg6 Nxg6 18. Nxg6 fxg6 19. axb5 Rg8 20. Qxb3 Bf8 21. Rf6 b6 22. Qc2 Qg7 23. Nxe6 Nxe6 24. Rxe6+ Kd7 25. Rxb6 axb6 26. Rxa8 Ke6 27. Bg5 Qb7 28. Ra6 Be7 29. Bxe7 Kxe7 30. Qd2 Ra8 31. Qg5+ 1-0

[Event "2nd Turkish League 2017"]
[Site "Konya"]
[Date "2017.07.21"]
[Round "7"]
[White "Atayman, Evren"]
[Black "Aytekin, Murat Eren"]
[Result "0-1"]
[ECO "A12"]
[WhiteElo "1593"]
[BlackElo "2201"]
[Annotator "NA"]
[PlyCount "69"]
[EventType "team-tourn"]
[EventCountry "TUR"]
[SourceTitle "playchess.com"]
[Source "ChessBase"]
[SourceQuality "1"]
[TimeControl "5400+30"]

1. b3 d5 2. Bb2 Nf6 3. e3 Bf5 4. Nf3 e6 5. Be2 {[%emt 0:02:30] LiveBook: 98 Games} Bd6 6. O-O Nbd7 7. d4 O-O 8. c4 c6 9. Nbd2 h6 10. Ne5 a5 11. a3 Ne4 12. Nxe4 Bxe4 13. Bd3 Bxe5 14. dxe5 Bxd3 15. Qxd3 $11 Nc5 16. Qc2 Qb6 17. cxd5 Nxb3 18. dxe6 Nxa1 19. exf7+ Rxf7 20. Bxa1 Re8 21. Bd4 c5 22. Ba1 Qc7 23. f4 b5 24. Qg6 c4 25. e6 Rff8 26. Be5 Qb7 27. f5 b4 28. axb4 axb4 29. Rf4 b3 30. Rg4 Re7 31. Bb2 c3 32. f6 cxb2 33. fxe7 Qxe7 34. Rd4 Qf6 35. Qd3 0-1

[Event "2nd Turkish League 2017"]
[Site "Konya"]
[Date "2017.07.21"]
[Round "7"]
[White "Sahin, Hatice"]
[Black "Simsek, Meltem"]
[Result "1/2-1/2"]
[ECO "A05"]
[WhiteElo "1560"]
[BlackElo "1752"]
[Annotator "NA"]
[PlyCount "127"]
[EventType "team-tourn"]
[EventCountry "TUR"]
[SourceTitle "playchess.com"]
[Source "ChessBase"]
[SourceQuality "1"]
[TimeControl "5400+30"]

1. Nf3 Nf6 2. g3 b5 3. Bg2 Bb7 4. d3 e6 5. Nbd2 d5 6. b3 c5 7. O-O Be7 8. Bb2 Nc6 9. Ne5 Qc7 10. f4 O-O 11. e4 d4 12. Nxc6 Bxc6 13. Qe2 Nd7 14. f5 exf5 15. Rxf5 g6 16. Rff1 Bg5 17. Bc1 Be3+ 18. Kh1 Ne5 19. h3 Rae8 20. g4 Kg7 21. Nf3 Bxc1 22. Raxc1 Nxf3 23. Bxf3 Qe5 24. Qh2 b4 25. Qxe5+ Rxe5 26. Bg2 Bd7 27. Rf2 Rb8 28. Rcf1 Be6 29. Ra1 a5 30. a4 Rh8 31. Kh2 h5 32. gxh5 Rexh5 33. Rf3 Bg4 34. Rg3 Be6 35. Rh1 Kf6 36. Rf3+ Ke5 37. Kg1 g5 38. Rg3 g4 39. hxg4 Rxh1+ 40. Bxh1 Kf4 41. Rf3+ Kxg4 42. Rf2 Rh3 43. Bg2 Re3 44. Kh2 Kh4 45. Rf4+ Kg5 46. Rf2 Kh4 47. Rf4+ Kg5 48. Rf2 f6 49. Bf3 Bg4 50. Bxg4 Kxg4 51. Kg2 Rg3+ 52. Kh2 Rh3+ 53. Kg2 Rg3+ 54. Kh2 Re3 55. Kg2 Rg3+ 56. Kh2 Rf3 57. Kg2 Rxf2+ 58. Kxf2 Kf4 59. Ke2 Kg3 60. Ke1 Kf3 61. Kf1 Kg3 62. Kg1 Kf3 63. Kf1 Kg3 64. Kg1 1/2-1/2

[Event "2nd Turkish League 2017"]
[Site "Konya"]
[Date "2017.07.21"]
[Round "7"]
[White "Bolu, Yagmur"]
[Black "Demir, Aleyna"]
[Result "1-0"]
[ECO "E33"]
[WhiteElo "1464"]
[BlackElo "1439"]
[Annotator "NA"]
[PlyCount "83"]
[EventType "team-tourn"]
[EventCountry "TUR"]
[SourceTitle "playchess.com"]
[Source "ChessBase"]
[SourceQuality "1"]
[TimeControl "5400+30"]

1. d4 Nf6 2. c4 e6 3. Nf3 d5 4. Nc3 Bb4 5. Qc2 Nc6 6. e3 O-O 7. Bd3 dxc4 8. Bxc4 Re8 9. O-O Bxc3 10. Qxc3 Nd5 11. Qd2 Nb6 12. Bb5 Bd7 13. b3 Ne7 14. Bd3 Bc6 15. Ne5 Nd7 16. Nxc6 Nxc6 17. Be4 Nf6 18. Bxc6 bxc6 19. Qc2 Qd6 20. h3 e5 21. Bb2 exd4 22. Bxd4 Ne4 23. Rac1 Re6 24. Rfd1 Qe7 25. Bc5 Qh4 26. Rd4 Rae8 27. f3 Qg5 28. Rxe4 Rxe4 29. fxe4 a6 30. Qc4 Qg6 31. Rd1 h6 32. Rd7 Qf6 33. Bd4 Qg6 34. Rxc7 Rxe4 35. Qxc6 Re6 36. Rc8+ Kh7 37. Qc2 Re4 38. Rc6 f6 39. Rxa6 Qe8 40. Ra7 Kh8 41. Rc7 Kh7 42. Bxf6 1-0

[Event "2nd Turkish League 2017"]
[Site "Konya"]
[Date "2017.07.21"]
[Round "7"]
[White "Tutuncu, Inci"]
[Black "Ilkbahar, Nimet Seray"]
[Result "0-1"]
[ECO "A14"]
[WhiteElo "1436"]
[BlackElo "1618"]
[Annotator "NA"]
[PlyCount "84"]
[EventType "team-tourn"]
[EventCountry "TUR"]
[SourceTitle "playchess.com"]
[Source "ChessBase"]
[SourceQuality "1"]
[TimeControl "5400+30"]

1. Nf3 Nf6 2. g3 c5 3. b3 d5 4. Bg2 e6 5. Bb2 Nc6 6. d3 Be7 7. O-O O-O 8. Nbd2 b6 9. c4 Bb7 10. e4 Nb4 11. Qb1 Nxd3 12. e5 Nxb2 13. Ng5 Ne4 14. Ngxe4 dxe4 15. Qxb2 f5 16. Rad1 Qc7 17. Nb1 Rad8 18. Na3 a6 19. Nc2 g6 20. Ne3 Bg5 21. b4 cxb4 22. Qxb4 Rxd1 23. Rxd1 Rd8 24. Rd6 Rxd6 25. Qxd6 Qxd6 26. exd6 Bxe3 27. fxe3 Kf8 28. Kf1 Ke8 29. Ke2 Kd7 30. Kd2 Kxd6 31. Kc3 Kc5 32. Bf1 a5 33. Be2 e5 34. a3 g5 35. Kd2 Ba6 36. Bh5 f4 37. Ke2 f3+ 38. Kf2 Bxc4 39. Bxf3 exf3 40. Kxf3 Bd3 41. Kg4 Bg6 42. Kxg5 b5 0-1